 Dungeon Crawl Stone Soup version 0.18.1-1-g2f07953 (webtiles) character file.

766 Pitas the Covered (level 7, -10/63 HPs)
             Began as a Deep Dwarf Fighter on May 6, 2016.
             Was a Follower of Makhleb.
             Mangled by an ogre
             ... wielding a +0 giant spiked club
              (14 damage)
             ... on level 5 of the Dungeon.
             The game lasted 00:21:34 (3591 turns).

Pitas the Covered (Deep Dwarf Fighter)              Turns: 3591, Time: 00:21:35

Health: -10/63     AC:  9    Str: 22    XL:     7   Next: 52%
Magic:  9/9        EV:  9    Int:  8    God:    Makhleb [*.....]
Gold:   279        SH: 12    Dex: 12    Spells: 0 memorised, 6 levels left

rFire  . . .     SeeInvis +     a - +1 war axe
rCold  . . .     Gourm    .     o - +2 ring mail {rPois}
rNeg   . . .     Faith    .     c - +0 shield
rPois  +         Spirit   .     D - +0 helmet {SInv}
rElec  .         Dismiss  .     (no cloak)
rCorr  .         Reflect  +     (no gloves)
SustAt .         Harm     .     (no boots)
MR     +....                    y - +2 amulet of reflection
Stlth  +.........               (no ring)
                                (no ring)

@: non-regenerating, somewhat resistant to hostile enchantments, very unstealthy
A: damage resistance, recharge devices, sense surroundings 1, slow regeneration
3
a: Device Recharging, Renounce Religion


You were on level 5 of the Dungeon.
You worshipped Makhleb.
Makhleb was aware of your devotion.
You were not hungry.

You visited 1 branch of the dungeon, and saw 5 of its levels.

You collected 279 gold pieces.

Inventory:

Hand Weapons
 a - a +1 war axe (weapon)
 m - a +2 dagger of speed
 C - a +2 dagger of flaming
Missiles
 j - 211 stones (quivered)
Armour
 b - a +0 scale mail
 c - a +0 shield (worn)
 h - a +0 buckler of reflection
 o - a +2 ring mail of poison resistance (worn)
 D - a +0 helmet of see invisible (worn)
Jewellery
 i - a +4 ring of evasion {unknown}
 p - an uncursed ring of protection from fire {unknown}
 x - an uncursed amulet of inaccuracy
 y - a +2 amulet of reflection (around neck)
Wands
 e - a wand of heal wounds (6/9)
 t - a wand of slowing (28/48)
Scrolls
 s - 2 scrolls of teleportation
 z - a scroll of recharging
 A - a scroll of remove curse
Potions
 d - 2 potions of might
 g - a potion of mutation {unknown}
 n - a potion of brilliance {unknown}
 q - a potion of degeneration {unknown}
 r - a potion of agility {unknown}
Books
 v - a book of the Sky

   Spells                             Type                      Level
   a - Summon Lightning Spire         Summoning/Air                4
   b - Airstrike                      Air                          4
   c - Silence                        Hexes/Air                    5
   d - Deflect Missiles               Charms/Air                   6
   e - Conjure Ball Lightning         Conjuration/Air              6
   f - Tornado                        Air                          9
 w - a book of Conjurations

   Spells                             Type                      Level
   a - Magic Dart                     Conjuration                  1
   b - Searing Ray                    Conjuration                  2
   c - Dazzling Spray                 Conjuration/Hexes            3
   d - Fulminant Prism                Conjuration/Hexes            4
   e - Iskenderun's Mystic Blast      Conjuration                  4
   f - Iskenderun's Battlesphere      Conjuration/Charms           5
Comestibles
 f - 3 bread rations
 k - a beef jerky
 l - a slice of pizza
 u - a meat ration


   Skills:
 * Level 3.8 Fighting
 * Level 4.1 Axes
 * Level 5.1 Armour
 * Level 2.3 Dodging
 * Level 2.5 Stealth
 * Level 5.0 Shields
 - Level 2.1 Unarmed Combat
 * Level 3.1 Evocations


You had 6 spell levels left.
You didn't know any spells.

Dungeon Overview and Level Annotations

Branches:
Dungeon (5/15)
 Temple: D:4-7

Altars:
Ashenzari
Dithmenos
Makhleb
Okawaru
Trog
Zin


Innate Abilities, Weirdness & Mutations

You are resistant to damage.
You can recharge devices by infusing magical energy.
You passively map a small area around you.
You do not regenerate naturally.


Message History

You hit the ogre but do no damage.
The ogre is lightly wounded.
You block the ogre's attack.
You slash the ogre!
The ogre is heavily wounded.
The ogre hits you with a giant spiked club!
You slash the ogre!
The ogre is severely wounded.
The ogre barely misses you.
You hit the ogre.
The ogre is almost dead.
The ogre barely misses you.
You hit the ogre but do no damage.
The ogre is almost dead.
The ogre hits you with a giant spiked club!!
* * * LOW HITPOINT WARNING * * *
You barely miss the ogre.
The ogre is almost dead.
The ogre hits you with a giant spiked club!
You die...

#.......##.#..........#
#.......##.#.#........#
######.....###..#######
##.........#
*.######.######.##
.......h....##.#
.######o###.##.#########
, #O# #.).....)... , #@#
* ###########. #.# * ,,
, #<... #.# * * ,####.
#.# ## #.# ,* #.# *** *
#.# * #.# ,


You could see an ogre, a hound and an orc.

Vanquished Creatures
  Sigmund (D:2)
  Duvessa (D:4)
  A sky beast (D:5)
  Dowan (D:4)
  A giant frog zombie (D:5)
  2 centaur skeletons (D:4)
  2 orc wizards (D:5)
  2 worker ants (D:4)
  Robin (D:4)
  6 adders
  An ooze (D:2)
  2 adder skeletons (D:4)
  3 worms
  2 dart slugs
  3 giant geckos
  4 orcs
  2 giant cockroaches
  12 goblins
  12 hobgoblins
  4 quokkas
  2 ball pythons
  4 bats
  A giant gecko zombie (D:5)
  4 giant newts
  6 kobolds
  5 rats
85 creatures vanquished.

Notes
Turn   | Place    | Note
--------------------------------------------------------------
     0 | D:1      | Pitas the Deep Dwarf Fighter began the quest for the Orb.
     0 | D:1      | Reached XP level 1. HP: 20/20 MP: 1/1
   162 | D:1      | Reached XP level 2. HP: 21/27 MP: 2/2
   751 | D:2      | Reached XP level 3. HP: 24/34 MP: 3/3
   777 | D:2      | Found a shadowy altar of Dithmenos.
   877 | D:2      | Noticed Sigmund
   890 | D:2      | Killed Sigmund
   890 | D:2      | Reached skill level 1 in Dodging
   890 | D:2      | Reached skill level 1 in Stealth
   890 | D:2      | Reached skill level 1 in Unarmed Combat
   890 | D:2      | Reached skill level 1 in Evocations
   890 | D:2      | Reached XP level 4. HP: 28/42 MP: 3/5
   890 | D:2      | Reached XP level 5. HP: 32/49 MP: 3/6
  1387 | D:3      | Found a glowing silver altar of Zin.
  1410 | D:3      | Found a bloodstained altar of Trog.
  1410 | D:3      | Found a burning altar of Makhleb.
  1416 | D:3      | Became a worshipper of Makhleb the Destroyer
  2399 | D:4      | Reached XP level 6. HP: 25/56 MP: 7/7
  2639 | D:4      | Reached * piety under Makhleb
  2844 | D:4      | Found a shattered altar of Ashenzari.
  2908 | D:4      | Noticed Duvessa
  2909 | D:4      | Noticed Dowan
  2922 | D:4      | Killed Duvessa
  2931 | D:4      | Killed Dowan
  2931 | D:4      | Reached XP level 7. HP: 30/62 MP: 8/8
  3009 | D:4      | Noticed Robin
  3024 | D:4      | Killed Robin
  3257 | D:5      | Entered Level 5 of the Dungeon
  3294 | D:5      | Found an iron altar of Okawaru.
  3433 | D:5      | Found a bloodstained altar of Trog.
  3486 | D:5      | Reached skill level 5 in Armour
  3486 | D:5      | Reached skill level 5 in Shields
  3591 | D:5      | Mangled by an ogre

Skill      XL: |  1  2  3  4  5  6  7 |
---------------+----------------------+-----
Fighting       | 3 |  3.8
Armour         | 4 5 |  5.1
Dodging        | 1 2 |  2.3
Stealth        | 1 2 |  2.5
Shields        | 4 5 |  5.0
Unarmed Combat | 1 2 |  2.1
Evocations     | 1 2 3 |  3.1
Axes           | 3 4 |  4.1

Action                   |  1- 3 |  4- 6 |  7- 9 || total
-------------------------+-------+-------+-------++-------
Melee: War axe           |    82 |   147 |    79 ||   308
Evoke: Wand              |       |     1 |     1 ||     2
  Use: Scroll            |     4 |     4 |     2 ||    10
  Eat: Bread ration      |       |     1 |     1 ||     2
       Chunk             |       |     1 |       ||     1
Armor: Scale mail        |    33 |       |       ||    33
       Ring mail         |       |    58 |    20 ||    78
Dodge: Dodged            |    25 |    51 |    15 ||    91
Block: Shield            |    37 |    93 |    37 ||   167
